 Dungeon Crawl Stone Soup version 0.22-a0-609-gfedc9ff (webtiles) character file.

217 Amnesiac the Thaumaturge (level 5, 0/28 HPs)
             Began as a Deep Elf Wizard on July 10, 2018.
             Succumbed to a worker ant's poison
             ... on level 4 of the Dungeon.
             The game lasted 00:04:47 (2376 turns).

Amnesiac the Thaumaturge (Deep Elf Wizard)          Turns: 2376, Time: 00:04:48

Health: 0/28       AC:  2    Str:  4    XL:     5   Next: 61%
Magic:  12/18      EV: 13    Int: 24    God:
Gold:   41         SH:  0    Dex: 13    Spells: 10/21 levels left

rFire    . . .     SeeInvis .   f - +0 mace
rCold    . . .     Gourm    .   (no shield)
rNeg     . . .     Faith    .   a - +0 robe
rPois    .         Spirit   .   (no helmet)
rElec    .         Reflect  .   (no cloak)
rCorr    .         Harm     .   (no gloves)
MR       .....                  (no boots)
Stlth    ++........             (no amulet)
HPRegen  0.09/turn              (no ring)
MPRegen  0.16/turn              (no ring)

@: lethally poisoned (0 -> -11), flying
A: no striking features
a: no special abilities


You were on level 4 of the Dungeon.
You were not hungry.

You visited 1 branch of the dungeon, and saw 4 of its levels.

You collected 41 gold pieces.

Inventory:

Hand Weapons
 f - a +0 mace (weapon)
Armour
 a - a +0 robe (worn)
Scrolls
 b - a scroll of blinking {!r, unknown}
 c - a scroll of random uselessness {!r, unknown}
 g - 2 scrolls of remove curse {!r, unknown}
 h - a scroll of teleportation {!r, unknown}
 i - a scroll of amnesia {!r, unknown}
Comestibles
 d - 4 rations


   Skills:
 + Level 0.5 Fighting
 - Level 2.4 Dodging
 - Level 2.4 Stealth
 - Level 8.5 Spellcasting
 - Level 1.1 Conjurations
 - Level 1.1 Summonings
 - Level 1.1 Translocations


You had 10 spell levels left.
You knew the following spells:

 Your Spells              Type           Power        Failure   Level  Hunger
a - Magic Dart            Conj           ###.         3%          1    None
b - Call Imp              Summ           ###.....     6%          2    None
e - Mephitic Cloud        Conj/Pois/Air  ##......     16%         3    None
s - Conjure Flame         Conj/Fire      ##......     14%         3    None
v - Blink                 Tloc           N/A          6%          2    None

Your spell library contained the following spells:

 Spells                   Type           Power        Failure   Level  Hunger
 Apportation              Tloc           ###...       3%          1    None
 Slow                     Hex            ##......     10%         2    None
 Summon Small Mammal      Summ           ###.         3%          1    None
 Animate Skeleton         Necr           N/A          6%          1    None
 Confusing Touch          Hex            ##....       6%          1    None


Dungeon Overview and Level Annotations

Branches:
Dungeon (4/15)
 Temple: D:4-7

Altars:

Annotations:
D:4 Eustachio


Message History

Confirm with . or Enter, or press ? or * to list all spells.
A shadowy apparition takes form in the air.
The worker ant bites your iron imp but does no damage.
Your crimson imp blinks!
The worker ant bites you.
You are more poisoned.
The worker ant poisons you!
Casting: Call Imp (safe; 6% risk of failure)
Confirm with . or Enter, or press ? or * to list all spells.
Aiming: Magic Dart (safe; 3% risk of failure)
Press: ? - help, Shift-Dir - straight line, f - worker ant
Aim: a worker ant (almost dead)
The magic dart hits the worker ant.
The worker ant is almost dead.
You feel sick. The worker ant completely misses you.
Casting: Magic Dart (safe; 3% risk of failure)
Confirm with . or Enter, or press ? or * to list all spells.
Aiming: Magic Dart (safe; 3% risk of failure)
Press: ? - help, Shift-Dir - straight line, f/p - worker ant
Aim: a worker ant (almost dead)
The magic dart hits the worker ant.
The worker ant is almost dead.
You feel sick. The worker ant bites you.
* * * LOW HITPOINT WARNING * * *
You are lethally poisoned!
The worker ant poisons you!
* * * LOW HITPOINT WARNING * * *
You feel sick.
The worker ant bites your iron imp but does no damage.
The worker ant bites your iron imp.
Okay, then.
Really quaff
j - an orange potion {!q}?
It was a potion of flight {!q}.
You feel very buoyant.
You fly up into the air.
* * * LOW HITPOINT WARNING * * *
You feel sick. The worker ant bites your iron imp.
Your iron imp dies!
Casting: Magic Dart (safe; 3% risk of failure)
Confirm with . or Enter, or press ? or * to list all spells.
Aiming: Magic Dart (safe; 3% risk of failure)
Press: ? - help, Shift-Dir - straight line, f/p - worker ant
Aim: a worker ant (almost dead)
The magic dart hits the worker ant.
The worker ant is almost dead.
* * * LOW HITPOINT WARNING * * *
You feel sick.
The worker ant dies!
Unknown command.
* * * LOW HITPOINT WARNING * * *
You feel sick.
* * * LOW HITPOINT WARNING * * *
You feel sick.
* * * LOW HITPOINT WARNING * * *
You feel sick.
* * * LOW HITPOINT WARNING * * *
You feel sick.
* * * LOW HITPOINT WARNING * * *
You feel sick.
* * * LOW HITPOINT WARNING * * *
You feel sick.
* * * LOW HITPOINT WARNING * * *
You feel sick.
You die...

§§§§§§.................## #....
#P§§§§....##...<......[.## #....
####§§..######.....###...####....
#.....## ##...## ##...#......
##.....### #...# #......#...
##......###..## ##...####..
##.......#55# ##...## #..
#..........# #....# ###
#.........@### #...<.#
##....)..........!....#
#......................
#......................#
##......................#
#.......(...$....###....
.................# #...
...............## ..............


You could see a friendly crimson imp and a friendly shadow imp.

Vanquished Creatures
  An ogre (D:4)
  A worker ant zombie (D:4)
  4 adders
  An ooze (D:2)
  A worm (D:3)
  A leopard gecko (D:3)
  3 orcs
  4 giant cockroaches
  3 goblins (D:1)
  6 hobgoblins
  10 jackals
  5 bats
  A frilled lizard (D:3)
  2 kobolds
  A rat (D:3)
44 creatures vanquished.

Vanquished Creatures (collateral kills)
  2 worker ants (D:4)
  An adder skeleton (D:4)
  A worm (D:2)
  3 orcs (D:3)
7 creatures vanquished.

Grand Total: 51 creatures vanquished

Notes
Turn   | Place    | Note
-------+----------+-------------------------------------------
     0 | D:1      | Amnesiac the Deep Elf Wizard began the quest for the Orb.
     0 | D:1      | Reached XP level 1. HP: 10/10 MP: 7/7
   100 | D:1      | Reached skill level 5 in Spellcasting
   224 | D:1      | Reached XP level 2. HP: 15/15 MP: 6/10
   228 | D:1      | Learned a level 2 spell: Blink
   231 | D:1      | Learned a level 2 spell: Call Imp
   783 | D:2      | Reached XP level 3. HP: 17/19 MP: 7/12
   806 | D:1      | Learned a level 3 spell: Conjure Flame
   810 | D:1      | Learned a level 3 spell: Mephitic Cloud
   817 | D:2      | Reached skill level 6 in Spellcasting
  1676 | D:2      | Reached XP level 4. HP: 24/24 MP: 8/14
  1752 | D:4      | Reached skill level 7 in Spellcasting
  1802 | D:4      | Noticed Eustachio
  1897 | D:4      | Noticed an ogre
  2191 | D:4      | Killed an ogre
  2191 | D:4      | Reached skill level 8 in Spellcasting
  2191 | D:4      | Reached XP level 5. HP: 13/28 MP: 1/18
  2374 | D:4      | HP: 1/28 [poisoned by a worker ant]
  2376 | D:4      | Succumbed to a worker ant's poison

Vault maps used:
D:1:      saegor_arrival_simple_d
D:2:      hex_large
D:4:      first_ration, serial_undead, serial_undead_b, serial_undead_a,
          serial_undead_b, serial_undead_d, uniq_eustachio

Skill      XL: |  1  2  3  4 |
---------------+-------------+-----
Spellcasting   | 5 6 8 |  8.5
Fighting       | |  0.5
Dodging        | |  2.4
Stealth        | |  2.4
Conjurations   | |  1.1
Summonings     | |  1.1
Translocations | |  1.1

Action                   |  1- 3 |  4- 6 || total
-------------------------+-------+-------++-------
Melee: Unarmed           |     5 |       ||     5
       Mace              |     7 |     7 ||    14
 Cast: Magic Dart        |   131 |    43 ||   174
       Call Imp          |     6 |     6 ||    12
       Mephitic Cloud    |     1 |     1 ||     2
       Conjure Flame     |       |     3 ||     3
  Use: Potion            |     2 |     1 ||     3
  Eat: Chunk             |     2 |     2 ||     4
Armor: Robe              |    26 |     1 ||    27
Dodge: Dodged            |    74 |    16 ||    90

Table legend:
 A = Spawn XP
 B = Non-spawn XP
 C = Spawn XP percentage of total XP
 D = Spawn monster count
 E = Non-spawn monster count
 F = Spawn count percentage of total count
 G = Total turns spent on level
                    A         B        C        D         E        F      G
               +---------+---------+-------+---------+---------+-------+---------
         Total |       0 |     310 |   0.0 |       0 |      51 |   0.0 |  2376
               +---------+---------+-------+---------+---------+-------+---------
           D:1 |       0 |      34 |   0.0 |       0 |      18 |   0.0 |   994
           D:2 |       0 |      41 |   0.0 |       0 |      12 |   0.0 |   219
           D:3 |       0 |      25 |   0.0 |       0 |      11 |   0.0 |   680
           D:4 |       0 |     210 |   0.0 |       0 |      10 |   0.0 |   483
               +---------+---------+-------+---------+---------+-------+---------
